 Dungeon Crawl Stone Soup version 0.17-a0-119-g2b06fc5 (webtiles) character file.

333 Pikaro the Carver (level 6, -1/39 HPs)
             Began as a High Elf Skald on Mar 20, 2015.
             Slain by an ogre
             ... wielding a +0 giant spiked club
              (27 damage)
             ... on level 4 of the Dungeon.
             The game lasted 00:06:12 (4643 turns).

Pikaro the Carver (High Elf Skald)                  Turns: 4643, Time: 00:06:12

Health: -1/39      AC:  7    Str: 13    XL:     6   Next: 27%
Magic:  15/15      EV:  9    Int: 16    God:
Gold:   170        SH:  0    Dex: 15    Spells: 1 memorised, 8 levels left

rFire  . . .     SeeInvis .     a - +0 falchion
rCold  . . .     Clarity  .     q - +0 scale mail
rNeg   . . .     SustAb   .     (no shield)
rPois  .         Gourm    .     e - +0 helmet
rElec  .         Spirit   .     (no cloak)
rCorr  .         Warding  .     (no gloves)
rMut   .         Stasis   .     (no boots)
MR     .....                    (no amulet)
Stlth  ..........               (no ring)
                                (no ring)

@: not resistant to hostile enchantments, extremely unstealthy
A: no striking features
a: no special abilities


You were on level 4 of the Dungeon.
You were hungry.

You visited 1 branch of the dungeon, and saw 4 of its levels.

You collected 170 gold pieces.

Inventory:

Hand weapons
 a - a +0 falchion (weapon)
Armour
 e - a +0 helmet (worn)
   (You found it on level 1 of the Dungeon)
 q - a +0 scale mail (worn)
   (You found it on level 3 of the Dungeon)
Magical devices
 g - a wand of lightning (8)
   (You found it on level 4 of the Dungeon)
Scrolls
 b - a scroll of amnesia
 i - 2 scrolls of remove curse
 l - 2 scrolls of teleportation
 m - a scroll of fear
Potions
 h - a potion of curing
 j - a potion of beneficial mutation {unknown}
 p - 3 potions of poison {!q}
 r - a potion of haste
 s - a potion of heal wounds
Books
 c - a book of Battle
 n - a book of the Earth
   (You found it on level 2 of the Dungeon)
Comestibles
 d - 4 bread rations
 f - 2 meat rations
 k - 8 fruits
 o - a slice of pizza


   Skills:
 - Level 2.0 Fighting
 + Level 8.1 Long Blades
 - Level 0.8 Armour
 - Level 1.1 Dodging
 - Level 2.4 Spellcasting
 - Level 3.6 Charms


You had 8 spell levels left.
You knew the following spells:

 Your Spells              Type           Power        Failure   Level  Hunger
A - Infusion              Chrm           ##....       24%         1    #......


Dungeon Overview and Level Annotations

Branches:
Dungeon (4/15)
 Temple: D:4-7

Altars:
Dithmenos
Elyvilon
Fedhas
Xom

Annotations:
D:3 exclusion: oklob plant


Message History

Eating one of 2 chunks of flesh.
You are feeling hungry.
You continue eating. x2
The rat barely misses you.
You hit the rat.
You kill the rat!
Eating a chunk of flesh.
You continue eating. x2
You butcher the orc corpse.
g - 4 chunks of flesh; a club; a leather armour; an orc skeleton
Items here: club, leather armour, orc skeleton No target in view! a hand axe; an orc corpse a club; a leather armour; an orc skeleton You start resting.
A worker ant comes into view.
Total turns waited: 12 The worker ant twitches its antennae in your direction.
The worker ant barely misses you. The worker ant bites you.
You are poisoned.
The worker ant poisons you! a hand axe; an orc corpse You take 3 damage, and have 32/39 hp.
Your scale mail prevents you from hitting the worker ant.
You feel sick. The worker ant barely misses you.
You slash the worker ant!
You feel sick. The worker ant closely misses you.
You take 1 damage, and have 31/39 hp.
You hit the worker ant.
You kill the worker ant!
Your Long Blades skill increases to level 8!
You feel sick.
You take 1 damage, and have 30/39 hp.
You start resting.
You feel sick. x9
You are no longer poisoned.
You take 6 damage, and have 24/39 hp.
You start resting.
You regained 13 hp, and now have 37/39 hp.
You butcher the orc corpse.
g - 7 chunks of flesh (gained 3); a hand axe; an orc skeleton You start resting.
Health restored: 39;
Items here: hand axe, orc skeleton Total turns waited: 137 a club; a leather armour; an orc skeleton
d - 3 bread rations (gained 1)
You now have 152 gold pieces (gained 14).
You now have 170 gold pieces (gained 18).
j - a fuming pink potion A hobgoblin comes into view.
The hobgoblin shouts!
No target in view!
No target in view!
No target in view!
No target in view!
The hobgoblin barely misses you.
The hobgoblin is too close now for your liking.
You slash the hobgoblin!!
You kill the hobgoblin!
No target in view!
No target in view!
A rat comes into view.
The rat completely misses you.
You hit the rat.
You kill the rat!
No target in view!
You see here a rat corpse.
A bat comes into view.
Found a falchion and a short sword.
Found a shimmering altar of Xom.
There are monsters nearby!
Some of the chunks of flesh in your inventory have rotted away.
The bat is engulfed in noxious fumes.
The bat appears confused.
The bat is engulfed in noxious fumes.
The bat appears confused.
The bat is engulfed in noxious fumes.
The bat appears confused.
The bat is engulfed in noxious fumes.
The bat appears confused.
The bat is engulfed in noxious fumes.
The bat appears confused.
The bat is engulfed in noxious fumes.
The bat appears confused.
The bat is engulfed in noxious fumes.
The bat appears confused.
The bat barely misses itself.
You strike the helpless bat from behind!
You slash the bat!
You kill the bat!
All of the chunks of flesh in your inventory have rotted away.
d - 4 bread rations (gained 1)
g - a wand of lightning You are feeling hungry.
There is a stone staircase leading up here.
There is a stone staircase leading up here. a hand axe; an orc skeleton a club; a leather armour An ogre comes into view.
It is wielding a giant spiked club.
The ogre shouts!
The ogre hits you with a giant spiked club!
You take 13 damage, and have 26/39 hp.
MASSIVE DAMAGE!!
You hit the ogre. The ogre barely misses you.
You barely miss the ogre. You hit the ogre!
The ogre hits you with a giant spiked club!!
Ouch! That really hurt!
You die...

.†.#.####<#.##...#........#.###.#
...###....#.##...##.#._##.##.##..
...(≈#)####.####.##.#...........#
.♣..(#.# #.# #...#.##.##.##.####
.......# #.. .....###.#.#.##
._.♣..(###### ...## ##...##
.........# #.## ##.## .♣..≈#.#.#
#O# #.# ...≈≈#.#.#######@# #.#
...###..........$# #.#
#......#.######### ##.##
.######.# ##.#.## ..#.##########
##.###.## #.#..........# ##.##
##.## #.##########.# #.## ##.#
#.# #.# ##.## ##.## #.# #.# #.#
##.###.## ##


You could see an ogre.

Vanquished Creatures
  The ghost of Pikaro the Slasher, an average HESk (D:3)
  Sigmund (D:3)
  A scorpion (D:4)
  A worker ant (D:4)
  An adder (D:3)
  2 worms
  An ooze (D:1)
  8 orcs
  10 bats
  7 giant cockroaches
  5 goblins
  9 hobgoblins
  4 jackals (D:1)
  9 kobolds
  2 quokkas (D:2)
  A ball python (D:1)
  3 giant newts
  A quokka skeleton (D:4)
  13 rats
80 creatures vanquished.

Vanquished Creatures (others)
  A centaur (D:4)
  A worker ant (D:4)
  An adder (D:4)
  An orc (D:4)
  A bat (D:4)
  A bat skeleton (D:4)
  A goblin (D:4)
  A hobgoblin (D:4)
  A quokka (D:4)
  A giant newt (D:4)
  A kobold (D:4)
  13 toadstools (D:3)
24 creatures vanquished.

Grand Total: 104 creatures vanquished

Notes
Turn   | Place    | Note
--------------------------------------------------------------
     0 | D:1      | Pikaro, the High Elf Skald, began the quest for the Orb.
     0 | D:1      | Reached XP level 1. HP: 14/14 MP: 4/4
   284 | D:1      | Reached skill level 3 in Long Blades
   474 | D:1      | Reached XP level 2. HP: 19/19 MP: 6/6
  1123 | D:1      | Reached skill level 4 in Long Blades
  1474 | D:2      | Reached XP level 3. HP: 24/24 MP: 8/8
  2626 | D:3      | Reached skill level 5 in Long Blades
  2777 | D:3      | Noticed Sigmund
  2786 | D:3      | Killed Sigmund
  2786 | D:3      | Reached skill level 6 in Long Blades
  2786 | D:3      | Reached XP level 4. HP: 29/29 MP: 11/11
  2786 | D:3      | Reached XP level 5. HP: 34/34 MP: 12/12
  2857 | D:3      | Found a blossoming altar of Fedhas.
  2861 | D:3      | Noticed an oklob plant
  2898 | D:3      | Noticed Pikaro's ghost (average HESk)
  2917 | D:3      | Killed Pikaro's ghost
  2917 | D:3      | Reached skill level 7 in Long Blades
  3688 | D:4      | Killed a centaur
  3699 | D:4      | Found a white marble altar of Elyvilon.
  3762 | D:4      | Found a shadowy altar of Dithmenos.
  3968 | D:4      | HP: 8/34 [scorpion (7)]
  3973 | D:4      | Reached XP level 6. HP: 10/39 MP: 15/15
  4277 | D:4      | Reached skill level 8 in Long Blades
  4465 | D:4      | Found a shimmering altar of Xom.
  4643 | D:4      | Slain by an ogre

Action                   |  1- 3 |  4- 6 || total
-------------------------+-------+-------++-------
Melee: Falchion          |   162 |    87 ||   249
  Use: Scroll            |       |     9 ||     9
       Potion            |       |     2 ||     2
 Stab: Confused          |       |     1 ||     1
  Eat: Chunk             |     6 |     5 ||    11

Vault maps used:
D:1:      lightli_arrival_isolated_outpost, serial_co_window_serial,
          co_window_corner_a, co_window_corner_a, co_window_corner_a,
          co_window_paths_a, co_window_corner_a, co_window_paths_a,
          co_window_paths_b, co_window_paths_a, co_window_paths_b,
          co_window_broadway_b, co_window_of_opportunity_b,
          co_window_broadway_a, co_window_unsneaky_path_b, co_window_corner_b
D:3:      hangedman_abyss_or_decor_lesser_grid, tgw_fedhas, uniq_sigmund
D:4:      elyvilon_altar_4, xom_confusion_cloud, overflow_temple_1_default,
          first_bread

Table legend:
 A = Turns spent in this place as a percentage of turns spent in the entire game.
 B = Non-inter-level travel turns spent in this place as a percentage of non-inter-level travel turns spent in the entire game.
 C = Inter-level travel turns spent in this place as a percentage of turns spent in this place.
 D = Turns resting spent in this place as a percentage of non-inter-level travel turns spent in this place.
 E = Turns spent auto-exploring this place as a percentage of non-inter-level travel turns spent in this place.
 F = Non-inter-level travel turns spent in this place divided by the number of levels of this place that you've seen.
                   A       B       C       D       E      F
               +-------+-------+-------+-------+-------+----------------------
         Total | 100.0 | 100.0 |   0.5 |   7.5 |  12.3 | 202.5
       Dungeon | 100.0 | 100.0 |   0.5 |   7.5 |  12.3 | 202.5
               +-------+-------+-------+-------+-------+----------------------

Table legend:
 A = Kills in this place as a percentage of kills in entire the game.
 B = Kills by you in this place as a percentage of kills by you in the entire game.
 C = Kills by friends in this place as a percentage of kills by friends in the entire game.
 D = Other kills in this place as a percentage of other kills in the entire game.
 E = Experience gained in this place as a percentage of experience gained in the entire game.
 F = Experience gained in this place divided by the number of levels of this place that you have seen.
                   A       B       C       D       E      F
               +-------+-------+-------+-------+-------+----------------------
         Total | 100.0 | 100.0 |  -nan |  -nan | 100.0 | 119.2
       Dungeon | 100.0 | 100.0 |  -nan |  -nan | 100.0 | 119.2
               +-------+-------+-------+-------+-------+----------------------
